cohdb
Replays
Latest Replays
All Replays
Popular Replays
Top Player Replays
Match Explorer
How It Works
Community
CoH3 Stats
Reddit
Sign in to upload your games and track your stats! →
Sign in with Steam
Match 46088993
Unlisted
Match 46088993
Overview
Messages
Build Orders
End
Scout Squad
Construct Barracks
Selects Advanced Infantry Battlegroup
Riflemen Squad
M1 Mortar Team
Riflemen Squad
Riflemen Squad
Riflemen Squad
Grenade Package
Selects Convert to Ranger Squad
M1 Mortar Team
Convert to Ranger Squad
Ranger Squad
Selects Frontline Medical Station
Selects Ammunition Storage
Frontline Medical Station
Ranger Squad
M1 Mortar Team
Selects M2A1 105mm Howitzer Emplacement
Riflemen Squad
Riflemen Squad
Selects Free Fire Drills
Selects Ranger Weapon Training
Convert to Ranger Squad
DasMachine
LegioXI
Nukepapa
Fajolada
0
0
Comments
sign in to comment!
No comments posted yet!